 Dungeon Crawl Stone Soup version 0.30-a0-377-g5cb311bc9f (webtiles) character file.

Game seed: 14562018116470659122

21 flotson the Sneak (level 2, -2/24 HPs)
             Began as a Demonspawn Delver on Dec 1, 2022.
             Slain by a river rat (4 damage)
             ... in a sewer.
             The game lasted 00:01:21 (142 turns).

flotson the Sneak (Demonspawn Delver)                Turns: 142, Time: 00:01:21

Health: -2/24      AC:  3    Str: 12    XL:     2   Next: 65%
Magic:  2/2        EV: 12    Int: 11    God:
Gold:   14         SH:  0    Dex: 14    Spells: 1/1 levels left

rFire   . . .      SeeInvis .    a - +0 spear
rCold   . . .      Faith    .    (no shield)
rNeg    . . .      Spirit   .    b - +0 leather armour
rPois   .          Reflect  .    (helmet restricted)
rElec   .          Harm     .    (no cloak)
rCorr   .          Rampage  .    (no gloves)
Will    .....                    (no boots)
Stlth   +++.......               (no amulet)
HPRegen 0.24/turn                (no ring)
MPRegen 0.08/turn                (no ring)

@: no status effects
A: antennae 1
a: no special abilities


You were in a sewer.
You visited 1 branch of the dungeon, and saw 1 of its levels.
You also visited: Sewer.

You collected 14 gold pieces.

Inventory:

Hand Weapons
 a - a +0 spear (weapon)
Armour
 b - a +0 leather armour (worn)
Wands
 g - a wand of digging (3)
Scrolls
 c - a scroll of fog
 d - a scroll of magic mapping
 e - a scroll of fear
 f - a scroll of teleportation {unknown}


   Skills:
 + Level 3.2 Fighting
 - Level 1.7 Polearms
 + Level 0.7 Armour
 + Level 2.0 Dodging
 + Level 4.6 Stealth
 + Level 0.8 Evocations


You had one spell level left.
You didn't know any spells.
Your spell library was empty.

Dungeon Overview and Level Annotations

Branches:
Dungeon (5/15)              Sewer (1/1)
 Temple: D:4-7

Altars:


Innate Abilities, Weirdness & Mutations

You have a pair of small antennae on your head.


Message History

The river rat is lightly wounded.
The river rat misses you. The rat bites you but does no damage.
You hit the river rat but do no damage.
The river rat is lightly wounded.
The river rat bites you but does no damage.
The rat completely misses you.
You barely miss the river rat.
The river rat is lightly wounded.
The river rat barely misses you. The rat barely misses you.
You hit the river rat.
The river rat is heavily wounded.
The river rat bites you. The rat misses you.
You closely miss the river rat.
The river rat is heavily wounded.
The river rat closely misses you. The rat bites you.
You closely miss the river rat.
The river rat is heavily wounded.
The river rat bites you but does no damage.
The rat misses you. The river rat bites you.
You are too injured to fight recklessly!
You are too injured to fight recklessly!
You are too injured to fight recklessly!
You are too injured to fight recklessly!
You are too injured to fight recklessly!
You are too injured to fight recklessly!
You closely miss the river rat.
The river rat is heavily wounded.
The rat barely misses you. The river rat barely misses you.
You hit the river rat.
The river rat is almost dead.
The rat barely misses you. The river rat bites you!
* * * LOW HITPOINT WARNING * * *
You completely miss the river rat.
The river rat is almost dead.
The rat closely misses you. The river rat bites you.
* * * LOW HITPOINT WARNING * * *
You hit the river rat.
The river rat is almost dead.
The rat bites you but does no damage. The river rat bites you.
You die...

#########
#.~~∩††.###
#r~..~∩.....###
...~.#####~..~~#
~~.# ###~@.## ~~
##rr~# . #~.~#
#~.~# #.~~##
.~~~.# ...~~###
..~.r## #####


You could see a river rat and a rat.

Vanquished Creatures
  2 adders (D:5)
  A giant cockroach (D:5)
  3 rats (Sewer)
6 creatures vanquished.

Notes
Turn   | Place    | Note
-------+----------+-------------------------------------------
     0 | D:5      | flotson the Demonspawn Delver began the quest for the Orb.
     0 | D:5      | Reached XP level 1. HP: 18/18 MP: 1/1
    23 | D:5      | Discovered your monstrous ancestry.
    23 | D:5      | Gained mutation: You have a pair of small antennae on your
                  | head. [demonic ancestry]
    23 | D:5      | Reached XP level 2. HP: 24/24 MP: 2/2
    51 | D:5      | Noticed a black bear
    61 | Sewer    | Entered a sewer
   142 | Sewer    | Slain by a river rat

Illustrated notes

Levels and vault maps discovered:
D:5:      nicolae_BIG_FREAKIN_CUBE, layout_rooms,
          nicolae_overflow_two_pavilions, gup_sewer_entry_glass,
          nicolae_shop_firing_range
Sewer:    sewer_hellmonk_bad_rat

Skill      XL: |  1  2 |
---------------+-------+-----
Dodging        | 2 |  2.0
Fighting       | |  3.2
Polearms       | |  1.7
Armour         | |  0.7
Stealth        | |  4.6
Evocations     | |  0.8

Action                   || total
-------------------------++-------
Melee: Spear             ||    37
       Punch             ||     1
  Use: Potion            ||     1
Armor: Leather armour    ||     6
Dodge: Dodged            ||    22

Table legend: (Time is in decaauts)
 A = Elapsed time spent in this place.
 B = Non-inter-level travel time spent in this place.
 C = Inter-level travel time spent in this place.
 D = Time resting spent in this place.
 E = Time spent auto-exploring this place.
 F = Levels seen in this place.
 G = Mean time per level.
                   A        B        C        D        E       F      G
               +--------+--------+--------+--------+--------+-----+--------+
         Total |    127 |    127 |      0 |     42 |      4 |   2 |   63.5 |
       Dungeon |     45 |     45 |      0 |      0 |      0 |   1 |   45.0 |
         Sewer |     81 |     81 |      0 |     42 |      4 |   1 |   81.0 |
               +--------+--------+--------+--------+--------+-----+--------+

Top non-repeatable levels by time:
   Sewer: 81 daAuts
     D:5: 45 daAuts
